 Dungeon Crawl Stone Soup version 0.14-a0-663-gfc8c466 (webtiles) character file.

510 Psiweapon the Skirmisher (level 6, -4/37 HPs)
             Began as a Gargoyle Monk on Nov 6, 2013.
             Slain by an iguana (9 damage)
             ... on Level 4 of the Dungeon.
             The game lasted 00:16:59 (2976 turns).

Psiweapon the Skirmisher (Gargoyle Monk)            Turns: 2976, Time: 00:16:59

HP  -4/37        AC  9     Str 16      XL: 6   Next: 69%
MP   5/5         EV 12     Int 11      God:
Gold 142         SH  0     Dex 12      Spells:  0 memorised,  5 levels left

Res.Fire  : + . .   See Invis. : .   l - +3 blowgun
Res.Cold  : + . .   Warding    : .   u - +0 leather armour
Life Prot.: + . .   Conserve   : .   (no shield)
Res.Poison: +       Res.Corr.  : .   (no helmet)
Res.Elec. : .       Clarity    : +   C - +0 elf cloak
Sust.Abil.: . .     Spirit.Shd : .   d - +0 pair of gloves
Res.Mut.  : .       Stasis     : .   (no boots)
Res.Rott. : +       Flight     : .   v - amulet of clarity
Saprovore : . . .                    A - ring of protection from fire
                                     k - ring of protection from cold

@: about to teleport, slightly resistant to hostile enchantments, stealthy
A: fangs 1, talons 2, life protection 1, slow metabolism 1, unbreathing,
petrification resistance, AC +4
a: no special abilities


You were on level 4 of the Dungeon.
You were hungry.

You visited 1 branch of the dungeon, and saw 4 of its levels.

You collected 142 gold pieces.

Inventory:

Hand weapons
 c - a +2,+0 vampiric whip
 h - a +0,+2 trident of dragon slaying
 i - a +2,+1 spear of piercing
 l - a +3 blowgun (weapon)
 s - a +1,+0 flail
 y - a +2,+3 dwarven dagger of electrocution
 z - a cursed -1,-2 dagger
Armour
 a - a +0 robe
 d - a +0 pair of gloves (worn)
 j - a +1 elven cloak
 u - a +0 leather armour (worn)
 C - a +0 elven cloak (worn)
Comestibles
 b - 4 bread rations
 f - a rotting chunk of orc flesh
 n - a choko
 r - 4 chunks of orc flesh
 t - 2 meat rations
Scrolls
 p - 2 scrolls of teleportation
Jewellery
 g - an uncursed ring of hunger {unknown}
 k - a ring of protection from cold (left hand)
 v - an amulet of clarity (around neck)
 A - a ring of protection from fire (right hand)
Potions
 m - a potion of magic {unknown}
 o - 3 potions of invisibility
 q - 2 potions of poison {unknown}
 w - a potion of speed {unknown}


   Skills:
 + Level 5.3 Fighting
 + Level 3.7 Dodging
 + Level 4.5 Stealth
 - Level 5.0 Unarmed Combat


You had 5 spell levels left.
You didn't know any spells.

Dungeon Overview and Level Annotations

Branches:
Dungeon (4/27)
 Temple: D:4-7

Altars:
Kikubaaqudgha
Trog
Vehumet

Annotations:
D:3 Edmund


Innate Abilities, Weirdness & Mutations

You are resistant to torment.
You are immune to poison.
Your stone body is very resilient (AC +4).
You have very sharp teeth.
You have razor-sharp toenails.
You resist negative energy.
You have a slow metabolism.
You can survive without breathing.
You are immune to petrification.


Message History

The gnoll hits you with a spear.
* * * LOW HITPOINT WARNING * * *
The iguana bites you but does no damage.
You hit the gnoll but do no damage. You claw the gnoll.
You kill the gnoll!
The iguana bites you!
* * * LOW HITPOINT WARNING * * *
Wield which item (- for none, * to show all)? (? for menu, Esc to quit)
l - a +3 blowgun (weapon)
Firing (i - inventory):
e - a poisoned needle (quivered)
Press: ? - help, Shift-Dir - straight line, f - iguana
Aim: an iguana You shoot a poisoned needle.
The poisoned needle hits the iguana.
The iguana is poisoned.
The iguana closely misses you. The iguana misses you.
The iguana looks more healthy.
Read which item? (? for menu, Esc to quit)
As you read the scroll of teleportation, it crumbles to dust.
You feel strangely unstable. The iguana bites you!
You die...

.....##.#######)#
. ........###(#
###.#.#.....#
.......#.##(.#
......(...#..#####
####.#.(.........#
###.#(..##...##.#
.........l..(.##.#
........)@.>>.#.#
.##.#..###(.#.#.#
#.#.. #..#.#.# #
#.. #.%..#.# #..
###)###.#
...##...)...#
.#...#.#.##### .
....#.#.#
#......#.#.###


You could see an iguana.

Vanquished Creatures
  2 orc priests
  2 orc wizards
  A worker ant (D:4)
  5 gnolls
  6 adders
  2 giant mites
  A worm (D:2)
  An adder skeleton (D:4)
  An ooze (D:2)
  12 orcs
  9 bats
  A giant cockroach (D:1)
  11 goblins
  10 hobgoblins
  12 kobolds
  A quokka (D:3)
  A ball python (D:3)
  2 giant geckos (D:2)
  7 giant newts
  4 jackals (D:1)
  14 rats
105 creatures vanquished.

Notes
Turn   | Place    | Note
--------------------------------------------------------------
     0 | D:1      | Psiweapon, the Gargoyle Monk, began the quest for the Orb.
     0 | D:1      | Reached XP level 1. HP: 12/12 MP: 0/0
   114 | D:1      | Reached XP level 2. HP: 17/17 MP: 1/1
   350 | D:1      | Reached XP level 3. HP: 18/22 MP: 2/2
   960 | D:2      | Reached XP level 4. HP: 28/28 MP: 3/3
  1203 | D:3      | Reached skill level 5 in Unarmed Combat
  1553 | D:2      | Reached XP level 5. HP: 32/32 MP: 4/4
  1733 | D:2      | Found a bloodstained altar of Trog.
  2352 | D:3      | Found a radiant altar of Vehumet.
  2387 | D:3      | Reached XP level 6. HP: 37/37 MP: 5/5
  2454 | D:4      | Noticed Edmund
  2561 | D:4      | Reached skill level 5 in Fighting
  2644 | D:4      | Found an ancient bone altar of Kikubaaqudgha.
  2976 | D:4      | Slain by an iguana

Action                   |  1- 3 |  4- 6 || total
-------------------------+-------+-------++-------
Melee: Unarmed           |   103 |   231 ||   334
 Fire: Blowgun           |       |    22 ||    22
  Use: Scroll            |       |    15 ||    15
       Potion            |       |     6 ||     6
 Stab: Sleeping          |     1 |     4 ||     5
       Invisible         |       |     3 ||     3
